 Dungeon Crawl Stone Soup version 0.21-a0-258-g4c0eb85 (console) character file.

277 Mandevil the Bolt Thrower (level 6, 0/48 HPs)
             Began as a Human Hunter on Sept 6, 2017.
             Slain by an orc
             ... wielding a +0 hand axe
              (7 damage)
             ... on level 4 of the Dungeon.
             The game lasted 00:07:43 (4625 turns).

Mandevil the Bolt Thrower (Human Hunter)            Turns: 4625, Time: 00:07:43

Health: 0/48       AC:  8    Str: 15    XL:     6   Next: 50%
Magic:  6/6        EV: 11    Int: 11    God:
Gold:   145        SH:  0    Dex: 13    Spells: 5/5 levels left

rFire    . . .     SeeInvis .   a - +0 trident
rCold    . . .     Gourm    .   (no shield)
rNeg     . . .     Faith    .   h - +0 ring mail
rPois    .         Spirit   .   (no helmet)
rElec    .         Reflect  .   j - +2 cloak
rCorr    .         Harm     +   (no gloves)
MR       .....                  (no boots)
Stlth    ++........             l - amulet of harm
HPRegen  0.16/turn              (no ring)
MPRegen  0.10/turn              (no ring)

@: no status effects
A: no striking features
a: no special abilities


You were on level 4 of the Dungeon.
You were very hungry.

You visited 1 branch of the dungeon, and saw 5 of its levels.

You collected 145 gold pieces.

Inventory:

Hand Weapons
 a - a +0 trident (weapon)
 b - a +3 hand crossbow
 p - a +0 spear
 t - a +0 short sword
Missiles
 d - 79 bolts
Armour
 h - a +0 ring mail (worn)
 j - a +2 cloak (worn)
Jewellery
 l - an amulet of harm (around neck)
 m - an uncursed ring of fire
Wands
 r - a wand of polymorph (15/24)
Scrolls
 k - a scroll of immolation
 s - 2 scrolls of remove curse
Potions
 e - 2 potions of brilliance {unknown}
 i - 4 potions of curing {unknown}
 n - a potion of might
Comestibles
 f - 3 bread rations
 g - 3 royal jellies
 o - 6 meat rations


   Skills:
 + Level 4.2 Fighting
 + Level 5.3 Crossbows
 - Level 2.0 Dodging
 + Level 3.5 Stealth


You had 5 spell levels left.
You didn't know any spells.

Dungeon Overview and Level Annotations

Branches:
Dungeon (5/15)
 Temple: D:4-7

Altars:
Ashenzari
Cheibriados
Dithmenos
Fedhas
Gozag
Sif Muna


Message History

Unknown command.
You hit the orc.
You kill the orc!
The orc hits you but does no damage.
You barely miss the orc.
The orc is severely wounded.
The orc barely misses you.
You closely miss the orc.
The orc is severely wounded.
The orc closely misses you.
You closely miss the orc.
The orc is severely wounded.
The orc hits you but does no damage. The orc barely misses you.
You barely miss the orc.
The orc is severely wounded.
The orc hits you but does no damage.
You hit the orc but do no damage.
The orc is severely wounded.
The orc hits you with a hand axe.
You die...

.......##...........##.#
#'#######...........##.# #.....#
##.##.......##.# #.....#
#.............#
......#######.......#############
.................................
..........###.......############.
..........##.....).### #.
...###....##....p....# #. ####
#....##....%o...# #.
######....##.........# #.
.....#....##.........# ##'
..........##.........# ###..
........#............# #....
........#....############ #....
........#....# #.......# #.7##
.....#.......####.......# ####.


You could see an orc.

Vanquished Creatures
  An orc priest (D:4)
  A bullfrog skeleton (D:4)
  Natasha (twice) (D:4)
  Ijyb (D:3)
  An orc wizard (D:4)
  4 adders
  An ooze (D:2)
  4 worms
  4 leopard geckos
  5 orcs
  4 giant cockroaches
  5 goblins
  5 hobgoblins
  6 jackals (D:2)
  A quokka (D:2)
  A ball python (D:2)
  7 bats
  2 frilled lizards
  4 kobolds
  5 rats
64 creatures vanquished.

Notes
Turn   | Place    | Note
-------+----------+-------------------------------------------
     0 | D:1      | Mandevil the Human Hunter began the quest for the Orb.
     0 | D:1      | Reached XP level 1. HP: 16/16 MP: 1/1
   271 | D:1      | Reached XP level 2. HP: 21/22 MP: 2/2
   740 | D:1      | Reached XP level 3. HP: 28/28 MP: 3/3
  1796 | D:2      | Reached XP level 4. HP: 31/35 MP: 4/4
  1922 | D:2      | Found a shattered altar of Ashenzari.
  2795 | D:3      | Found a shadowy altar of Dithmenos.
  2888 | D:3      | Found a snail-covered altar of Cheibriados.
  2889 | D:3      | Found an opulent altar of Gozag.
  2952 | D:3      | Reached XP level 5. HP: 41/41 MP: 5/5
  2961 | D:3      | Noticed Ijyb
  2962 | D:3      | Paralysed by Ijyb for 7 turns
  2971 | D:3      | Paralysed by Ijyb for 3 turns
  2980 | D:3      | Paralysed by Ijyb for 6 turns
  3028 | D:3      | Killed Ijyb
  3563 | D:4      | Noticed Natasha
  3589 | D:4      | HP: 2/41 [Natasha (4)]
  3591 | D:4      | Killed Natasha
  3591 | D:4      | Reached skill level 5 in Crossbows
  3945 | D:4      | Found a deep blue altar of Sif Muna.
  3945 | D:4      | Found a blossoming altar of Fedhas.
  3986 | D:4      | Reached XP level 6. HP: 43/48 MP: 6/6
  4298 | D:4      | Noticed Natasha
  4305 | D:4      | Killed Natasha
  4584 | D:5      | Entered Level 5 of the Dungeon
  4625 | D:4      | Slain by an orc

Vault maps used:
D:1:      lemuel_arrival_muddy
D:2:      kennysheep_big_flooded_room, evilmike_ruin_ashenzari,
          minmay_crystal_water, st_stairs_2
D:3:      nicolae_overflow_hidden_temple, cheibrodos_sewer_entry_bend,
          minmay_strange_pillars, nicolae_dithmenos_shadow_blocks, uniq_ijyb
D:4:      gammafunk_temple_overflow_statue, first_bread, kennysheep_nondescript,
          uniq_natasha
D:5:      lemuel_temple_firewalk_a

Skill      XL: |  1  2  3  4  5  6 |
---------------+-------------------+-----
Fighting       | 3 4 |  4.2
Stealth        | 2 3 |  3.5
Crossbows      | 5 |  5.3
Dodging        | |  2.0

Action                   |  1- 3 |  4- 6 || total
-------------------------+-------+-------++-------
Melee: Short sword       |   131 |   228 ||   359
       Trident           |       |    21 ||    21
 Fire: Hand crossbow     |       |    31 ||    31
  Use: Scroll            |       |     7 ||     7
 Stab: Sleeping          |     3 |       ||     3
  Eat: Chunk             |     3 |     6 ||     9
       Royal jelly       |       |     1 ||     1
Armor: Leather armour    |    25 |       ||    25
       Ring mail         |    44 |   123 ||   167
Dodge: Dodged            |   105 |   163 ||   268

Table legend:
 A = Spawn XP
 B = Non-spawn XP
 C = Spawn XP percentage of total XP
 D = Spawn monster count
 E = Non-spawn monster count
 F = Spawn count percentage of total count
 G = Total turns spent on level
                    A         B        C        D         E        F      G
               +---------+---------+-------+---------+---------+-------+---------
         Total |       0 |     396 |   0.0 |       0 |      64 |   0.0 |  4625
               +---------+---------+-------+---------+---------+-------+---------
           D:1 |       0 |      30 |   0.0 |       0 |      16 |   0.0 |  1223
           D:2 |       0 |      76 |   0.0 |       0 |      25 |   0.0 |  1402
           D:3 |       0 |      91 |   0.0 |       0 |      14 |   0.0 |   922
           D:4 |       0 |     199 |   0.0 |       0 |       9 |   0.0 |  1073
               +---------+---------+-------+---------+---------+-------+---------
